[ PARTIDA AOE2 · #504566110 ]
UnrankedFrancos vs Goths
Equipo del jugador · VICT
Equipo rival · DERR
[ ANÁLISIS DE REPETICIÓN · EXTRAÍDO DE LA PARTIDA GRABADA ]
Feudal
8:28
Castillos
21:06
Imperial
40:14
| APM promedio | 71.4 |
| APM pico | 112 |
| eAPM promedio | 31.3 |
| Aldeanos / militares | 181 / 280 |
Foco
⚔️ 53.1% · 🌾 46.9%
Knight ×187 · Hand Cannoneer ×65 · Scout Cavalry ×8 · Bombard Cannon ×8 · Monk ×4 · Mangonel ×4
Feudal
9:45
Castillos
22:10
Imperial
35:46
| APM promedio | 44.8 |
| APM pico | 94 |
| eAPM promedio | 26.9 |
| Aldeanos / militares | 232 / 284 |
Foco
⚔️ 46.2% · 🌾 53.8%
Spearman ×190 · Archer ×44 · Hand Cannoneer ×22 · Huskarl ×12 · Trebuchet (Packed) ×9 · Militia ×4
Mapa de la partida
Recursos iniciales + cada clic de construcción. Líneas = muros · curvas = relieve. ◆ oro · ⬟ piedra · ● bayas · ✦ reliquia · ◌ hueco del cierre
Tu base· ✓ Cerrada en 21:06 · 86t muro · 1 puerta(s)
Base de Supersonic Rocketship· ✓ Cerrada en 22:10 · 11t muro · 1 puerta(s)
Terreno inicial suavizado · ◌ = hueco del cierre detectado · pasá el cursor para detalles
Inputs por minuto
— Fabrizio 094455 - - Supersonic Rocketship
Build order — Fabrizio 094455
Primeras 150 de 665 acciones detectadas
| 0:00 | Crear | Villager (Male) |
| 0:01 | Crear | Villager (Male) |
| 0:01 | Crear | Villager (Male) |
| 0:03 | Construir | House |
| 0:05 | Construir | House |
| 0:06 | Crear | Villager (Male) |
| 1:28 | Crear | Villager (Male) |
| 1:54 | Crear | Villager (Male) |
| 2:33 | Crear | Villager (Male) |
| 2:33 | Crear | Villager (Male) |
| 2:34 | Crear | Villager (Male) |
| 2:40 | Construir | Lumber Camp |
| 2:57 | Crear | Villager (Male) |
| 2:58 | Crear | Villager (Male) |
| 3:26 | Crear | Villager (Male) |
| 3:26 | Crear | Villager (Male) |
| 3:41 | Construir | House |
| 3:46 | Crear | Villager (Male) |
| 3:46 | Crear | Villager (Male) |
| 4:10 | Crear | Villager (Male) |
| 4:24 | Crear | Villager (Male) |
| 4:51 | Crear | Villager (Male) |
| 4:55 | Construir | Mill |
| 4:58 | Construir | Mill |
| 5:38 | Investigar | Loom |
| 6:16 | Investigar | Feudal Age |
| 7:05 | Construir | House |
| 7:46 | Construir | Barracks |
| 7:49 | Crear | Villager (Male) |
| 8:28 | Edad | Edad Feudal |
| 8:34 | Investigar | Double-Bit Axe |
| 8:42 | Construir | Stable |
| 8:45 | Crear | Villager (Male) |
| 9:00 | Crear | Villager (Male) |
| 9:35 | Crear | Scout Cavalry |
| 9:37 | Crear | Villager (Male) |
| 9:40 | Construir | House |
| 9:43 | Construir | Palisade Wall |
| 9:52 | Crear | Scout Cavalry |
| 9:55 | Construir | Farm |
| 10:08 | Crear | Villager (Male) |
| 10:10 | Construir | House |
| 10:13 | Construir | Farm |
| 10:22 | Construir | Palisade Wall |
| 10:24 | Construir | Palisade Wall |
| 10:33 | Crear | Scout Cavalry |
| 10:44 | Crear | Villager (Male) |
| 10:44 | Construir | Farm |
| 11:21 | Construir | House |
| 11:27 | Crear | Scout Cavalry |
| 11:27 | Crear | Scout Cavalry |
| 11:30 | Crear | Scout Cavalry |
| 11:34 | Construir | Palisade Wall |
| 11:35 | Construir | Palisade Wall |
| 11:46 | Crear | Villager (Male) |
| 11:47 | Crear | Villager (Male) |
| 11:49 | Construir | House |
| 11:56 | Construir | Farm |
| 11:57 | Crear | Villager (Male) |
| 11:59 | Construir | Farm |
| 12:15 | Crear | Scout Cavalry |
| 12:17 | Construir | Farm |
| 12:22 | Construir | House |
| 12:32 | Crear | Villager (Male) |
| 12:34 | Construir | Farm |
| 12:35 | Construir | Farm |
| 12:39 | Construir | Palisade Wall |
| 12:50 | Construir | House |
| 12:52 | Crear | Villager (Male) |
| 12:59 | Construir | House |
| 13:06 | Construir | Archery Range |
| 13:11 | Crear | Villager (Male) |
| 13:15 | Construir | Blacksmith |
| 13:17 | Crear | Villager (Male) |
| 13:20 | Construir | Palisade Wall |
| 13:22 | Construir | Palisade Wall |
| 13:26 | Crear | Scout Cavalry |
| 13:50 | Construir | Farm |
| 13:54 | Construir | Farm |
| 14:03 | Construir | Palisade Wall |
| 14:07 | Crear | Villager (Male) |
| 14:39 | Crear | Villager (Male) |
| 14:43 | Construir | Farm |
| 14:47 | Construir | Farm |
| 14:50 | Construir | Farm |
| 15:00 | Crear | Villager (Male) |
| 15:15 | Crear | Villager (Male) |
| 15:17 | Construir | Farm |
| 15:19 | Construir | Farm |
| 15:29 | Construir | House |
| 15:40 | Construir | Palisade Wall |
| 15:43 | Construir | Farm |
| 15:48 | Crear | Villager (Male) |
| 15:52 | Crear | Villager (Male) |
| 16:34 | Crear | Villager (Male) |
| 16:36 | Construir | Mining Camp |
| 16:46 | Construir | Palisade Wall |
| 16:55 | Investigar | Wheelbarrow |
| 17:14 | Construir | House |
| 17:21 | Construir | Palisade Wall |
| 17:23 | Crear | Villager (Male) |
| 17:30 | Construir | Lumber Camp |
| 17:51 | Construir | House |
| 17:52 | Construir | House |
| 18:13 | Construir | House |
| 18:18 | Investigar | Castle Age |
| 18:28 | Investigar | Forging |
| 18:28 | Investigar | Forging |
| 19:00 | Construir | Watch Tower |
| 19:08 | Construir | Stable |
| 19:14 | Investigar | Scale Barding Armor |
| 19:14 | Investigar | Scale Barding Armor |
| 19:16 | Crear | Villager (Male) |
| 19:53 | Construir | Palisade Gate |
| 19:59 | Crear | Villager (Male) |
| 20:39 | Crear | Villager (Male) |
| 21:06 | Edad | Edad de los Castillos |
| 21:08 | Construir | Town Center |
| 21:09 | Crear | Knight |
| 21:09 | Crear | Knight |
| 21:11 | Investigar | Bow Saw |
| 21:16 | Crear | Knight |
| 21:27 | Crear | Knight |
| 21:46 | Crear | Knight |
| 21:46 | Crear | Knight |
| 21:57 | Crear | Villager (Male) |
| 22:15 | Crear | Villager (Male) |
| 22:49 | Crear | Villager (Male) |
| 22:51 | Crear | Knight |
| 22:51 | Crear | Knight |
| 22:53 | Construir | Farm |
| 22:55 | Crear | Villager (Male) |
| 23:06 | Crear | Villager (Male) |
| 23:09 | Crear | Villager (Male) |
| 23:25 | Crear | Villager (Male) |
| 23:27 | Crear | Villager (Male) |
| 23:36 | Crear | Villager (Male) |
| 23:43 | Crear | Knight |
| 24:04 | Investigar | Hand Cart |
| 24:04 | Investigar | Hand Cart |
| 24:06 | Crear | Villager (Male) |
| 24:16 | Construir | Town Center |
| 24:20 | Crear | Villager (Male) |
| 24:42 | Crear | Villager (Male) |
| 24:56 | Crear | Villager (Male) |
| 24:56 | Crear | Villager (Male) |
| 25:10 | Crear | Villager (Male) |
| 25:20 | Construir | Siege Workshop |
| 25:26 | Crear | Knight |
| 25:26 | Crear | Knight |
Build order — Supersonic Rocketship
Primeras 150 de 739 acciones detectadas
| 0:01 | Crear | Villager (Male) |
| 0:01 | Crear | Villager (Male) |
| 0:01 | Crear | Villager (Male) |
| 0:02 | Construir | House |
| 0:03 | Construir | House |
| 0:20 | Crear | Villager (Male) |
| 1:30 | Crear | Villager (Male) |
| 1:56 | Construir | Lumber Camp |
| 2:03 | Crear | Villager (Male) |
| 2:23 | Crear | Villager (Male) |
| 2:52 | Crear | Villager (Male) |
| 3:08 | Crear | Villager (Male) |
| 3:33 | Crear | Villager (Male) |
| 3:53 | Construir | House |
| 4:03 | Crear | Villager (Male) |
| 4:08 | Construir | Mill |
| 4:35 | Crear | Villager (Male) |
| 4:35 | Crear | Villager (Male) |
| 4:39 | Investigar | Loom |
| 4:51 | Crear | Villager (Male) |
| 5:12 | Crear | Villager (Male) |
| 5:24 | Crear | Villager (Male) |
| 5:39 | Crear | Villager (Male) |
| 5:48 | Construir | Barracks |
| 6:06 | Construir | House |
| 6:19 | Crear | Villager (Male) |
| 7:07 | Crear | Villager (Male) |
| 7:35 | Investigar | Feudal Age |
| 7:35 | Investigar | Feudal Age |
| 7:55 | Crear | Militia |
| 7:55 | Crear | Militia |
| 8:06 | Construir | Mining Camp |
| 8:08 | Crear | Militia |
| 8:53 | Crear | Militia |
| 9:07 | Construir | House |
| 9:45 | Edad | Edad Feudal |
| 9:51 | Investigar | Man-at-Arms (upgrade) |
| 9:54 | Investigar | Double-Bit Axe |
| 9:55 | Investigar | Horse Collar |
| 10:05 | Construir | Farm |
| 10:09 | Crear | Villager (Male) |
| 10:10 | Crear | Villager (Male) |
| 10:35 | Crear | Spearman |
| 10:43 | Crear | Villager (Male) |
| 10:51 | Construir | Farm |
| 10:56 | Construir | Farm |
| 11:04 | Crear | Villager (Male) |
| 11:37 | Construir | Farm |
| 11:38 | Construir | Farm |
| 11:40 | Construir | Farm |
| 11:43 | Construir | Farm |
| 11:51 | Crear | Villager (Male) |
| 11:51 | Crear | Villager (Male) |
| 12:04 | Construir | House |
| 12:10 | Crear | Spearman |
| 12:16 | Crear | Villager (Male) |
| 12:24 | Construir | Farm |
| 12:43 | Construir | Farm |
| 12:56 | Construir | Farm |
| 13:02 | Crear | Villager (Male) |
| 13:20 | Crear | Villager (Male) |
| 13:30 | Construir | Archery Range |
| 13:33 | Crear | Villager (Male) |
| 13:38 | Construir | House |
| 13:46 | Crear | Villager (Male) |
| 13:56 | Construir | House |
| 13:57 | Construir | House |
| 14:29 | Crear | Spearman |
| 14:30 | Crear | Villager (Male) |
| 14:31 | Crear | Archer |
| 14:31 | Crear | Archer |
| 14:42 | Construir | Farm |
| 14:55 | Construir | Lumber Camp |
| 14:58 | Crear | Villager (Male) |
| 15:07 | Crear | Archer |
| 15:18 | Construir | House |
| 15:19 | Construir | House |
| 15:24 | Crear | Villager (Male) |
| 15:31 | Crear | Archer |
| 15:44 | Construir | Blacksmith |
| 15:48 | Crear | Villager (Male) |
| 15:51 | Construir | House |
| 15:55 | Construir | Palisade Wall |
| 16:09 | Crear | Villager (Male) |
| 16:11 | Construir | Lumber Camp |
| 16:40 | Investigar | Fletching |
| 16:51 | Construir | House |
| 16:55 | Crear | Villager (Male) |
| 16:55 | Crear | Villager (Male) |
| 16:57 | Crear | Archer |
| 16:57 | Crear | Archer |
| 17:18 | Crear | Archer |
| 17:21 | Construir | House |
| 17:27 | Construir | House |
| 17:31 | Construir | Palisade Wall |
| 17:46 | Crear | Villager (Male) |
| 17:46 | Crear | Villager (Male) |
| 17:54 | Construir | House |
| 17:57 | Construir | Palisade Wall |
| 18:13 | Construir | Palisade Gate |
| 18:18 | Crear | Villager (Male) |
| 18:27 | Construir | Market |
| 19:03 | Crear | Villager (Male) |
| 19:08 | Construir | Farm |
| 19:10 | Construir | Farm |
| 19:30 | Investigar | Castle Age |
| 19:30 | Investigar | Castle Age |
| 19:33 | Crear | Skirmisher |
| 19:38 | Construir | Archery Range |
| 19:40 | Construir | Archery Range |
| 19:45 | Construir | House |
| 19:57 | Crear | Archer |
| 20:00 | Crear | Archer |
| 20:03 | Investigar | Gold Mining |
| 20:25 | Crear | Spearman |
| 20:27 | Crear | Archer |
| 20:27 | Crear | Archer |
| 20:47 | Construir | Farm |
| 20:49 | Construir | Farm |
| 20:51 | Crear | Archer |
| 20:52 | Crear | Archer |
| 21:04 | Crear | Villager (Male) |
| 21:16 | Crear | Archer |
| 21:35 | Crear | Archer |
| 21:36 | Crear | Archer |
| 21:44 | Construir | House |
| 21:52 | Construir | Farm |
| 22:10 | Edad | Edad de los Castillos |
| 22:10 | Investigar | Bodkin Arrow |
| 22:11 | Investigar | Bodkin Arrow |
| 22:17 | Investigar | Crossbowman (upgrade) |
| 22:17 | Investigar | Crossbowman (upgrade) |
| 22:18 | Crear | Villager (Male) |
| 22:21 | Construir | University |
| 22:30 | Investigar | Bow Saw |
| 22:40 | Construir | Town Center |
| 22:42 | Crear | Villager (Male) |
| 22:57 | Crear | Spearman |
| 22:59 | Crear | Villager (Male) |
| 23:08 | Construir | Town Center |
| 23:13 | Crear | Villager (Male) |
| 23:23 | Crear | Villager (Male) |
| 23:26 | Construir | House |
| 23:27 | Construir | House |
| 23:28 | Construir | House |
| 23:30 | Crear | Villager (Male) |
| 23:35 | Crear | Archer |
| 23:36 | Crear | Archer |
| 23:56 | Crear | Villager (Male) |
| 23:57 | Crear | Villager (Male) |
Cronología de la partida
| 5:48 | Supersonic Rocketship · first_building Barracks |
| 7:46 | Fabrizio 094455 · first_building Barracks |
| 8:28 | Fabrizio 094455 · age_up feudal |
| 8:42 | Fabrizio 094455 · first_building Stable |
| 9:43 | Fabrizio 094455 · wall_segment Palisade Wall x18 |
| 9:45 | Supersonic Rocketship · age_up feudal |
| 10:22 | Fabrizio 094455 · wall_segment Palisade Wall x1 |
| 10:24 | Fabrizio 094455 · wall_segment Palisade Wall x1 |
| 11:34 | Fabrizio 094455 · wall_segment Palisade Wall x1 |
| 11:35 | Fabrizio 094455 · wall_segment Palisade Wall x1 |
| 12:39 | Fabrizio 094455 · wall_segment Palisade Wall x1 |
| 13:06 | Fabrizio 094455 · first_building Archery Range |
| 13:20 | Fabrizio 094455 · wall_segment Palisade Wall x6 |
| 13:22 | Fabrizio 094455 · wall_segment Palisade Wall x20 |
| 13:30 | Supersonic Rocketship · first_building Archery Range |
| 14:03 | Fabrizio 094455 · wall_segment Palisade Wall x18 |
| 15:40 | Fabrizio 094455 · wall_segment Palisade Wall x10 |
| 15:55 | Supersonic Rocketship · wall_segment Palisade Wall x6 |
| 16:46 | Fabrizio 094455 · wall_segment Palisade Wall x9 |
| 17:21 | Fabrizio 094455 · wall_segment Palisade Wall x6 |
| 17:31 | Supersonic Rocketship · wall_segment Palisade Wall x1 |
| 17:57 | Supersonic Rocketship · wall_segment Palisade Wall x4 |
| 19:27 | Supersonic Rocketship · first_market_sell 100 wood |
| 19:29 | Supersonic Rocketship · first_market_buy 100 food |
| 21:06 | Fabrizio 094455 · age_up castle |
| 22:10 | Supersonic Rocketship · age_up castle |
| 25:20 | Fabrizio 094455 · first_building Siege Workshop |
| 25:53 | Fabrizio 094455 · first_building Monastery |
| 26:40 | Supersonic Rocketship · first_building Siege Workshop |
| 30:24 | Supersonic Rocketship · first_building Castle |
| 32:54 | Supersonic Rocketship · first_building Monastery |
| 33:45 | Fabrizio 094455 · wall_segment Stone Wall x1 |
| 34:34 | Fabrizio 094455 · first_building Castle |
| 35:46 | Supersonic Rocketship · age_up imperial |
| 35:52 | Fabrizio 094455 · first_market_sell 500 wood |
| 38:18 | Fabrizio 094455 · wall_segment Palisade Wall x1 |
| 40:14 | Fabrizio 094455 · age_up imperial |
| 55:33 | Supersonic Rocketship · resign |
[ ANÁLISIS IA · 1 CRÉDITO ]
¿Qué pasó realmente en esta partida?
Wolo.gg analiza cada decisión: build order, eco, micro, errores típicos por bracket. Análisis personalizado por WhatsApp o Discord en 30 segundos.
Guía civ
Francos
Perfil
Fabrizio 094455